 Dungeon Crawl Stone Soup version 0.30.1-5-ged363bc7ee (webtiles) character file.

Game seed: 1636381796166673446

17 Arctor the Ruffian (level 2, 0/23 HPs)
             Began as a Draconian Transmuter on Sept 19, 2023.
             Slain by Terence
             ... wielding a +0 flail
              (7 damage)
             ... on level 2 of the Dungeon.
             The game lasted 00:00:45 (717 turns).

Arctor the Ruffian (Draconian Transmuter)            Turns: 717, Time: 00:00:46

Health: 0/23       AC:  4    Str: 12    XL:     2   Next: 44%
Magic:  5/5        EV: 12    Int: 13    God:
Gold:   22         SH:  0    Dex: 11    Spells: 4/5 levels left

rFire   . .          .
                       - Unarmed
rCold   . . .        f - orb {*channel}
rNeg    . . .        (body armour unavailable)
rPois   .            (helmet restricted)
rElec   .            (no cloak)
rCorr   .            (no gloves)
SInv    .            (no boots)
Will    .....        (no amulet)
Stlth   +            (no ring)
HPRegen 0.23/turn    (no ring)
MPRegen 0.09/turn

%: channel magic (20%)
@: no status effects
A: AC +4, unfitting armour, cold-blooded
a: no special abilities


You were on level 2 of the Dungeon.
You visited 1 branch of the dungeon, and saw 2 of its levels.

You collected 22 gold pieces.

Inventory:

Armour
 f - an orb of energy (worn)
Scrolls
 b - a scroll of enchant weapon {unknown}
 c - a scroll of amnesia {unknown}
 d - a scroll of blinking {unknown}
Potions
 a - a potion of lignification
 e - a potion of flight {unknown}
 g - 2 potions of might {unknown}


   Skills:
 + Level 1.5 Fighting
 + Level 2.0 Dodging
 + Level 3.1 Unarmed Combat
 + Level 2.2 Spellcasting
 + Level 2.2 Transmutations


You had 4 spell levels left.
You knew the following spells:

 Your Spells              Type           Power      Damage    Failure   Level
a - Beastly Appendage     Tmut           14%        N/A       24%         1

Your spell library contained the following spells:

 Spells                   Type           Power      Damage    Failure   Level
 Wereblood                Tmut           7%         N/A       34%         2
 Spider Form              Tmut/Pois      4%         N/A       65%         3
 Ice Form                 Ice/Tmut       4%         N/A       94%         4
 Olgreb's Toxic Radiance  Pois           1%         N/A       98%         4
 Discord                  Hex            0%         N/A       100%        8
 Ignition                 Fire           0%         3d3       100%        8


Dungeon Overview and Level Annotations

Branches:
Dungeon (1/15)

Altars:

Annotations:
D:2 Terence


Innate Abilities, Weirdness & Mutations

Your plain brown scales are hard. (AC +4)
You cannot fit into any form of body armour.
You are cold-blooded and may be slowed by cold attacks.


Message History

Terence barely misses you.
You hit Terence but do no damage.
Terence is moderately wounded.
Your transformation is almost over.
Terence hits you but does no damage.
You hit Terence. You claw Terence, but do no damage.
Terence is moderately wounded.
Terence hits you but does no damage.
You hit Terence.
Your tail-slap misses Terence.
Terence is heavily wounded.
Terence misses you. The rat bites you. Terence attacks as you move away!
Terence closely misses you.
Terence shouts, "Get ready for death!"
There is an open door here.
Terence attacks as you move away! Terence barely misses you.
You hit Terence but do no damage. Your kick misses Terence.
Terence is heavily wounded.
Terence misses you.
You hit Terence but do no damage. You claw Terence.
Terence is severely wounded.
Terence closely misses you.
You hit Terence but do no damage. You headbutt Terence, but do no damage.
Terence is severely wounded.
Terence hits you with a +0 flail.
You are too injured to fight recklessly!
You are too injured to fight recklessly!
You barely miss Terence.
Terence is severely wounded.
Your horns disappear.
Your talons disappear.
Terence misses you.
You closely miss Terence.
Terence is severely wounded.
Terence closely misses you.
You barely miss Terence. You tail-slap Terence.
Terence is severely wounded.
Terence closely misses you.
You hit Terence.
Terence is severely wounded.
Terence hits you with a +0 flail!
You die...

##### #########
#...###.....!..
+...'@@r.......
#...###........
#...# #........
#...# #########
#####


You could see Terence and a rat.

Vanquished Creatures
  3 endoplasms (D:1)
  3 hobgoblins (D:1)
  A quokka (D:1)
  A ball python (D:1)
  2 bats (D:1)
  2 goblins (D:1)
  2 kobolds (D:1)
  2 rats (D:1)
16 creatures vanquished.

Notes
Turn   | Place    | Note
-------+----------+-------------------------------------------
     0 | D:1      | Arctor the Draconian Transmuter began the quest for the
                  | Orb.
     0 | D:1      | Reached XP level 1. HP: 16/16 MP: 3/3
   342 | D:1      | Reached XP level 2. HP: 17/23 MP: 3/5
   670 | D:1      | You fall into a shaft and drop 1 floor!
   695 | D:2      | Noticed Terence
   717 | D:2      | Slain by Terence

Illustrated notes

Levels and vault maps discovered:
D:1:      co_arrival_square_in_a_square_in_a_square, layout_basic
D:2:      layout_basic, basic_altar, minmay_pentomino_t2, uniq_terence

Skill      XL: |  1  2 |
---------------+-------+-----
Dodging        | 2 |  2.0
Fighting       | |  1.5
Unarmed Combat | |  3.1
Spellcasting   | |  2.2
Transmutations | |  2.2

Action                     || total
---------------------------++-------
  Melee: Unarmed           ||    48
         Headbutt          ||     7
         Tailslap          ||     3
         Kick              ||     7
   Cast: Beastly Appendage ||    15
 Armour: Skin              ||    17
  Dodge: Dodged            ||    52
